 Dungeon Crawl Stone Soup version 0.24.0-125-gc4c63601f3 (webtiles) character file.

Game seed: 8479065887492893513, levelgen mode: deterministic

630 Lovchig the Chopper (level 7, -7/63 HPs)
             Began as a Deep Dwarf Fighter on Mar 20, 2020.
             Mangled by an ogre
             ... wielding a +0 giant spiked club
              (20 damage)
             ... on level 5 of the Dungeon.
             The game lasted 00:14:13 (3766 turns).

Lovchig the Chopper (Deep Dwarf Fighter)            Turns: 3766, Time: 00:14:14

Health: -7/63      AC: 13    Str: 22    XL:     7   Next: 24%
Magic:  6/6        EV:  5    Int:  8    God:
Gold:   183        SH: 10    Dex: 12    Spells: 6/6 levels left

rFire    . . .     SeeInvis .   a - +1 war axe
rCold    . . .     Gourm    .   c - +0 shield
rNeg     . . .     Faith    .   k - +0 plate armour
rPois    .         Spirit   .   (no helmet)
rElec    .         Reflect  .   (no cloak)
rCorr    .         Harm     .   o - +0 pair of gloves
MR       +....                  (no boots)
Stlth    ..........             (no amulet)
HPRegen  0.00/turn              (no ring)
MPRegen  0.10/turn              (no ring)

@: non-regenerating
A: damage resistance, heal wounds, mutation resistance 1, sense surroundings 1,
no regeneration
a: Heal Wounds


You were on level 5 of the Dungeon.
You were not hungry.

You visited 1 branch of the dungeon, and saw 5 of its levels.

You collected 183 gold pieces.

Inventory:

Hand Weapons
 a - a +1 war axe (weapon)
Armour
 c - a +0 shield (worn)
 k - a +0 plate armour (worn)
 o - a +0 pair of gloves (worn)
Scrolls
 b - a scroll of enchant weapon
 e - a scroll of remove curse
 i - 2 scrolls of teleportation
 l - a scroll of amnesia
Potions
 d - a potion of might
 g - 3 potions of brilliance
 h - a potion of agility
 j - 3 potions of heal wounds
 m - a potion of flight {unknown}
 n - a potion of degeneration {unknown}
Comestibles
 f - 10 rations
 q - 6 chunks of flesh


   Skills:
 * Level 3.7 Fighting
 * Level 5.7 Axes
 * Level 4.9 Armour
 * Level 2.3 Dodging
 * Level 5.0 Shields


You had 6 spell levels left.
You didn't know any spells.
Your spell library was empty.

Dungeon Overview and Level Annotations

Branches:
Dungeon (5/15)
 Temple: D:4-7

Altars:
Yredelemnul
Zin


Innate Abilities, Weirdness & Mutations

You are resistant to damage.
You can heal yourself by infusing magical energy.
You passively map a small area around you.
You do not regenerate.
You are somewhat resistant to further mutation.


Message History

The ogre hits you but does no damage.
You barely miss the ogre. You block the ogre's attack.
You closely miss the ogre. You slash the ogre!
The ogre is heavily wounded.
The ogre barely misses you.
You hit the ogre.
The ogre is severely wounded.
The ogre hits you but does no damage.
Your shield and plate armour prevent you from hitting the ogre.
The ogre is severely wounded.
The ogre barely misses you.
You hit the ogre.
The ogre is severely wounded.
The ogre hits you with a +0 giant spiked club!
* * * LOW HITPOINT WARNING * * *
You slash the ogre!
The ogre is almost dead.
The ogre hits you with a +0 giant spiked club!!
You die...

#......<.#
##....#........ , ,
##..### ,...... * ,
#....###......#
##...#...#....#, , ,
#.###...##<..#*
##..#..##..... ** ,
#......##...O# #,
##...........@#.#...,
#....................
##................#..,
####...##.......## ,
#............##* ,
##...#..........,
#...#..........
####.......###.. ,
##......# ..


You could see an ogre.

Vanquished Creatures
  An ice beast (D:3)
  A centaur (D:5)
  A jelly (D:2)
  An orc wizard (D:4)
  An orc priest (D:4)
  Natasha (thrice) (D:3)
  An iguana (D:4)
  2 worker ants (D:4)
  A hound zombie (D:5)
  4 gnolls (D:3)
  7 adders
  An ooze (D:1)
  2 adder skeletons (D:2)
  4 dart slugs
  2 leopard geckos
  12 orcs
  2 ball pythons
  7 bats
  A bat skeleton (D:2)
  A bat zombie (D:2)
  2 giant cockroaches
  9 hobgoblins
  3 jackals (D:1)
  A quokka (D:4)
  2 ball python skeletons (D:2)
  6 frilled lizards
  5 goblins
  A jackal zombie (D:2)
  6 kobolds
  2 leopard gecko skeletons
  A leopard gecko zombie (D:2)
  A quokka skeleton (D:2)
  8 rats
102 creatures vanquished.

Notes
Turn   | Place    | Note
-------+----------+-------------------------------------------
     0 | D:1      | Lovchig the Deep Dwarf Fighter began the quest for the Orb.
     0 | D:1      | Reached XP level 1. HP: 20/20 MP: 1/1
   144 | D:1      | Reached XP level 2. HP: 27/27 MP: 2/2
   407 | D:1      | Reached XP level 3. HP: 30/33 MP: 3/3
   631 | D:1      | Gained mutation: Your mind is acute. (Int +2) [potion of
                  | mutation]
   631 | D:1      | Gained mutation: You are frail. (-10% HP) [potion of
                  | mutation]
   631 | D:1      | Gained mutation: Your muscles are strong. (Str +2) [potion
                  | of mutation]
   761 | D:2      | Reached skill level 1 in Dodging
   761 | D:2      | Reached XP level 4. HP: 16/37 MP: 4/4
   868 | D:2      | Found a basalt altar of Yredelemnul.
  1242 | D:2      | Found a glowing silver altar of Zin.
  1813 | D:3      | Noticed Natasha
  1824 | D:3      | Killed Natasha
  1824 | D:3      | Reached XP level 5. HP: 31/44 MP: 5/5
  1849 | D:3      | Lost mutation: Your muscles are strong. (Str +2) [potion of
                  | mutation]
  1849 | D:3      | Lost mutation: Your mind is acute. (Int +2) [potion of
                  | mutation]
  1849 | D:3      | Lost mutation: You are frail. (-10% HP) [potion of
                  | mutation]
  1849 | D:3      | Gained mutation: You are somewhat resistant to further
                  | mutation. [potion of mutation]
  2234 | D:3      | Noticed Natasha
  2235 | D:3      | Noticed an ice beast
  2247 | D:3      | Killed an ice beast
  2247 | D:3      | Reached XP level 6. HP: 11/56 MP: 6/6
  2254 | D:3      | Killed Natasha
  2395 | D:3      | Noticed Natasha
  2408 | D:3      | Killed Natasha
  2734 | D:4      | Reached skill level 5 in Axes
  3485 | D:4      | Reached XP level 7. HP: 32/63 MP: 6/6
  3694 | D:5      | Entered Level 5 of the Dungeon
  3704 | D:5      | Reached skill level 5 in Shields
  3766 | D:5      | Mangled by an ogre

Levels and vault maps discovered:
D:1:      roderic_dead_forest, layout_basic
D:2:      layout_loops_corners, overflow_temple_1_default, marbit_many_paths,
          serial_undead, serial_undead_a, serial_undead_a, serial_undead_b,
          serial_undead_e, minmay_diced_spiral
D:3:      layout_basic, serial_co_window_serial, co_window_corner_a,
          co_window_paths_b, co_window_of_opportunity_a, co_window_paths_b,
          co_window_paths_a, co_window_corner_a, co_window_paths_a,
          co_window_corner_cb, co_window_broadway_a, co_window_unsneaky_path_c,
          co_window_paths_d, co_window_4corner_a, glass_columns_b,
          glass_columns_c, glass_columns_b, glass_columns_c, glass_columns_b,
          uniq_natasha
D:4:      layout_layer_cave, first_ration, kennysheep_crisscross,
          grunt_decor_mini_mirrors, minivault_24, minmay_misc_feat_x,
          wad_floor_pattern_untrapped, item_on_display_a
D:5:      layout_cave_pools, minmay_temple_entry_from_below_a, basic_altar,
          uniq_sigmund

Skill      XL: |  1  2  3  4  5  6  7 |
---------------+----------------------+-----
Fighting       | 3 |  3.7
Axes           | 3 4 5 |  5.7
Dodging        | 1 2 |  2.3
Shields        | 4 5 |  5.0
Armour         | 4 |  4.9

Action                   |  1- 3 |  4- 6 |  7- 9 || total
-------------------------+-------+-------+-------++-------
Melee: War axe           |   124 |   226 |    23 ||   373
 Abil: Heal Wounds       |       |     4 |       ||     4
  Use: Scroll            |     2 |     6 |     2 ||    10
       Potion            |     1 |     1 |       ||     2
  Eat: Chunk             |       |     9 |     1 ||    10
Armor: Scale mail        |    63 |    22 |       ||    85
       Plate armour      |       |    96 |    15 ||   111
Dodge: Dodged            |    33 |    54 |     5 ||    92
Block: Shield            |    75 |   142 |     9 ||   226
